 Dungeon Crawl Stone Soup version 0.31-a0-744-gbc345e7fcb (webtiles) character file.

Game seed: 7125497370335549187

1605 CrazyBamboolord the Cleaver (level 8, -8/71 HPs)
             Began as a Minotaur Fighter on Sept 13, 2023.
             Mangled by a two-headed ogre
             ... wielding a +0 giant club
              (13 damage)
             ... on level 7 of the Dungeon.
             The game lasted 00:05:01 (5131 turns).

CrazyBamboolord the Cleaver (Minotaur Fighter)      Turns: 5131, Time: 00:05:02

Health: -8/71      AC: 14    Str: 22    XL:     8   Next: 63%
Magic:  16/16      EV: 10    Int:  5    God:
Gold:   364        SH:  5    Dex: 11    Spells: 7/7 levels left

rFire   . . .        a - +0 war axe
rCold   . . .        c - +0 buckler
rNeg    + . .        b - +0 scale mail
rPois   +            (helmet restricted)
rElec   .            l - +0 cloak {Stlth+}
rCorr   .            y - +0 pair of gloves "Keloppu" {rPois rN+ Will- Regen+}
SInv    .            (no boots)
Will    .....        (no amulet)
Stlth   +            n - +4 ring of protection
HPRegen 1.11/turn    j - ring of magical power
MPRegen 0.15/turn

%: no passive effects
@: hasted, very quick
A: horns 2, retaliatory headbutt
a: no special abilities


You were on level 7 of the Dungeon.
You visited 2 branches of the dungeon, and saw 8 of its levels.

You collected 364 gold pieces.

Inventory:

Hand Weapons
 a - a +0 war axe (weapon)
Missiles
 r - a throwing net
Armour
 b - a +0 scale mail (worn)
 c - a +0 buckler (worn)
 l - a +0 cloak of stealth (worn)
 t - a +0 pair of gloves
 y - the +0 pair of gloves "Keloppu" (worn) {rPois rN+ Will- Regen+}
   (You found it on level 5 of the Dungeon)

   rPois:     It protects you from poison rN+: It protects you from negative
   energy.
   Will-:     It decreases your willpower.
   Regen+:    It increases your rate of health regeneration.
Jewellery
 j - a ring of magical power (right hand)
 n - a +4 ring of protection (left hand)
 D - a +6 ring of intelligence
Wands
 u - a wand of polymorph (4)
Scrolls
 e - a scroll of fog
 g - a scroll of poison {unknown}
 h - 2 scrolls of enchant armour {unknown}
 m - 2 scrolls of teleportation
 p - 2 scrolls of noise
 q - a scroll of fear {unknown}
 s - a scroll of torment {unknown}
 v - a scroll of amnesia {unknown}
 x - a scroll of silence {unknown}
 z - 4 scrolls of vulnerability {unknown}
 B - a scroll of identify
 C - a scroll of enchant weapon {unknown}
Potions
 d - a potion of might
 f - 3 potions of curing
 i - a potion of haste
 k - a potion of degeneration {unknown}
 o - a potion of invisibility {unknown}
 w - 2 potions of enlightenment {unknown}
 A - a potion of mutation {unknown}


   Skills:
 * Level 6.6 Fighting
 * Level 9.0 Axes
 * Level 7.2 Armour
 + Level 1.8 Dodging
 * Level 5.7 Shields


You had 7 spell levels left.
You didn't know any spells.
Your spell library contained the following spells:

 Spells                   Type           Power      Damage    Failure   Level
 Cigotuvi's Dreadful Rot  Necr/Pois/Air  0%         N/A       92%         2
 Ignite Poison            Fire/Tmut/Pois 0%         N/A       99%         3
 Freezing Cloud           Conj/Ice/Air   0%         6-21      100%        5


Dungeon Overview and Level Annotations

Branches:
Dungeon (7/15)             Temple (1/1) D:5

Altars:
Ashenzari
Cheibriados
Dithmenos
Elyvilon
Fedhas
Gozag
Kikubaaqudgha
Makhleb
Nemelex Xobeh
Qazlal
Ru
Sif Muna
Trog
Uskayaw
Vehumet
Wu Jian
Xom
Yredelemnul
Zin
The Shining One


Innate Abilities, Weirdness & Mutations

You have a pair of horns on your head.
You reflexively headbutt those who attack you in melee.


Message History

You barely miss the two-headed ogre. You headbutt the two-headed ogre.
The two-headed ogre is moderately wounded.
You closely miss the komodo dragon. The komodo dragon bites you.
The two-headed ogre hits you with a +0 giant club!
* * * LOW HITPOINT WARNING * * *
The two-headed ogre hits you with a +0 giant club.
* * * LOW HITPOINT WARNING * * *
You slice the two-headed ogre!!
The two-headed ogre is severely wounded.
You hit the komodo dragon but do no damage.
The komodo dragon bites you but does no damage.
Unknown command.
You closely miss the two-headed ogre.
The two-headed ogre is severely wounded.
You hit the komodo dragon. You block the two-headed ogre's attack.
The two-headed ogre closely misses you. You block the komodo dragon's attack.
Unknown command.
You barely miss the two-headed ogre.
The two-headed ogre is severely wounded.
You hit the komodo dragon but do no damage.
You block the komodo dragon's attack. The two-headed ogre barely misses you.
You block the two-headed ogre's attack.
Unknown command.
You completely miss the two-headed ogre.
The two-headed ogre is severely wounded.
You hit the komodo dragon. The komodo dragon bites you.
* * * LOW HITPOINT WARNING * * *
You hit the two-headed ogre.
The two-headed ogre is severely wounded.
You closely miss the komodo dragon.
The two-headed ogre hits you with a +0 giant club.
* * * LOW HITPOINT WARNING * * *
The two-headed ogre hits you with a +0 giant club.
* * * LOW HITPOINT WARNING * * *
You block the komodo dragon's attack.
You feel yourself speed up. The komodo dragon bites you.
* * * LOW HITPOINT WARNING * * *
The two-headed ogre closely misses you.
The two-headed ogre hits you with a +0 giant club!
You die...

#.....#
###.#############.# ....#
......?..# #####
.........## ########
..........### ........
............ ########
..........#
#########.......Ol.#
................@..#
...########........#
#.....#####...#...#######
##.##....................
##.#############.########
.<......................
##'################+####
..[..# .....#


You could see a two-headed ogre and a komodo dragon.

Vanquished Creatures
  Pikel (D:4)
  A water moccasin (D:6)
  An ogre (D:5)
  A black bear (D:7)
  A phantom (D:3)
  A lemure (D:4)
  2 bullfrogs (D:6)
  A scorpion (D:4)
  A howler monkey (D:7)
  2 hounds
  2 jellies (D:6)
  Crazy Yiuf (D:2)
  An orc priest (D:5)
  Terence (D:2)
  4 sleepcaps
  2 iguanas
  An orc wizard (D:2)
  5 adders
  A shadow imp (D:6)
  2 white imps
  2 ufetubi (D:5)
  A worm (D:3)
  2 dart slugs
  6 orcs
  11 ball pythons
  7 bats
  2 endoplasms (D:2)
  2 giant cockroaches (D:2)
  6 hobgoblins
  13 jackals
  3 quokkas (D:3)
  3 frilled lizards
  2 goblins
  5 kobolds
  4 rats
101 creatures vanquished.

Notes
Turn   | Place    | Note
-------+----------+-------------------------------------------
     0 | D:1      | CrazyBamboolord the Minotaur Fighter began the quest for
                  | the Orb.
     0 | D:1      | Reached XP level 1. HP: 19/19 MP: 0/0
   346 | D:1      | Reached XP level 2. HP: 27/27 MP: 1/1
   399 | D:1      | Found a faded altar of an unknown god.
   812 | D:2      | Reached skill level 3 in Axes
   814 | D:2      | Reached XP level 3. HP: 29/33 MP: 2/2
   916 | D:2      | Found a basalt altar of Yredelemnul.
  1130 | D:2      | Reached XP level 4. HP: 37/41 MP: 3/3
  1157 | D:2      | Noticed Terence
  1163 | D:2      | Killed Terence
  1164 | D:2      | Reached skill level 4 in Axes
  1326 | D:2      | Found a runed translucent door.
  1327 | D:2      | Noticed Crazy Yiuf
  1377 | D:2      | Killed Crazy Yiuf
  1787 | D:3      | Reached XP level 5. HP: 42/47 MP: 4/4
  1982 | D:3      | Noticed a phantom
  1991 | D:3      | Killed a phantom
  1992 | D:3      | Reached skill level 5 in Axes
  2111 | D:3      | Found a hide-covered altar of Uskayaw.
  2498 | D:4      | Reached skill level 5 in Armour
  2498 | D:4      | Reached XP level 6. HP: 55/55 MP: 5/5
  2655 | D:4      | Noticed Pikel
  2689 | D:4      | Killed Pikel
  2690 | D:4      | Reached skill level 5 in Fighting
  2690 | D:4      | Reached skill level 7 in Axes
  2690 | D:4      | Reached skill level 1 in Dodging
  2690 | D:4      | Reached XP level 7. HP: 14/62 MP: 6/6
  3197 | D:4      | Reached skill level 5 in Shields
  3230 | D:4      | Found a glowing silver altar of Zin.
  3468 | D:5      | Entered Level 5 of the Dungeon
  3470 | D:5      | Identified the +0 pair of gloves "Keloppu" {rPois rN+ Will-
                  | Regen+}
  3482 | D:5      | Reached XP level 8. HP: 51/70 MP: 7/7
  3564 | D:5      | Found a staircase to the Ecumenical Temple.
  3577 | Temple   | Entered the Ecumenical Temple
  3893 | D:5      | Found a sacrificial altar of Ru.
  3991 | D:5      | Found a shadowy altar of Dithmenos.
  3991 | D:5      | Found a stormy altar of Qazlal.
  3994 | D:5      | Found a white marble altar of Elyvilon.
  4322 | D:6      | Reached skill level 8 in Axes
  5118 | D:7      | Noticed a two-headed ogre
  5120 | D:7      | Noticed a komodo dragon
  5122 | D:7      | Reached skill level 9 in Axes
  5131 | D:7      | Mangled by a two-headed ogre

Illustrated notes

Levels and vault maps discovered:
D:1:      dpeg_arrival_boxorama, layout_loops_ring,
          hellmonk_ecumenical_altar_zigzags
D:2:      layout_basic, basic_altar, uniq_terence, uniq_crazy_yiuf_cottage
D:3:      layout_loops_ring, eat_drink_and_be_merry_uskayaw,
          serial_bayou_lagoon_b
D:4:      layout_basic, lemuel_coloured_pillars_altar, roderic_serpentine_path,
          uniq_pikel
D:5:      layout_loops_ring, chequers_temple_overflow_statue_of_worship,
          nicolae_ru_awakened_eye, minmay_temple_entry_proselytizer,
          water_boxes_lemuel
D:6:      layout_rooms
D:7:      layout_basic, roderic_roman_lattice
Temple:   nicolae_temple_great_sept

Skill      XL: |  1  2  3  4  5  6  7  8 |
---------------+-------------------------+-----
Armour         | 4 5 6 7 |  7.2
Fighting       | 4 5 6 |  6.6
Axes           | 3 4 5 7 9 |  9.0
Shields        | 4 5 |  5.7
Dodging        | 1 |  1.8

Action                     |  1- 3 |  4- 6 |  7- 9 || total
---------------------------+-------+-------+-------++-------
  Melee: War axe           |    72 |    92 |    92 ||   256
         Headbutt          |     6 |     9 |    15 ||    30
    Use: Potion            |       |     1 |     1 ||     2
         Scroll            |       |       |     4 ||     4
 Armour: Scale mail        |    49 |    72 |    78 ||   199
  Dodge: Dodged            |    35 |    59 |    58 ||   152
  Block: Buckler           |    19 |    23 |    19 ||    61

Table legend: (Time is in decaauts)
 A = Elapsed time spent in this place.
 B = Non-inter-level travel time spent in this place.
 C = Inter-level travel time spent in this place.
 D = Time resting spent in this place.
 E = Time spent auto-exploring this place.
 F = Levels seen in this place.
 G = Mean time per level.
                   A        B        C        D        E       F      G
               +--------+--------+--------+--------+--------+-----+--------+
         Total |   5214 |   5023 |    191 |    216 |   4056 |   8 |  651.8 |
       Dungeon |   5202 |   5011 |    191 |    216 |   4056 |   7 |  743.1 |
        Temple |     11 |     11 |      0 |      0 |      0 |   1 |   11.0 |
               +--------+--------+--------+--------+--------+-----+--------+

Top non-repeatable levels by time:
     D:4: 1044 daAuts
     D:5: 837 daAuts
     D:3: 837 daAuts
     D:2: 834 daAuts
     D:1: 828 daAuts
     D:6: 427 daAuts
     D:7: 392 daAuts
  Temple: 11 daAuts
